[Event "1st Turkish League 2017"]
[Site "Konya"]
[Date "2017.07.17"]
[Round "1"]
[White "Nechaeva, Marina"]
[Black "Kazimova, Narmin"]
[Result "1-0"]
[ECO "E43"]
[WhiteElo "2408"]
[BlackElo "2274"]
[Annotator "NA"]
[PlyCount "65"]
[EventType "team-tourn"]
[EventCountry "TUR"]
[SourceTitle "playchess.com"]
[Source "ChessBase"]
[SourceQuality "1"]
[TimeControl "5400+30"]

1. d4 Nf6 2. c4 e6 3. Nc3 Bb4 4. Nf3 b6 5. e3 Bb7 6. Bd3 Ne4 7. Qc2 f5 8. O-O Bxc3 9. bxc3 O-O 10. c5 {[%emt 0:00:00] E43: Nimzo-Indian: Rubinstein: 4...b6} (10. Ne1 Nc6 11. f3 Nd6 12. Ba3 Na5 13. c5 Ndc4 14. Qc1 Nxa3 15. Qxa3 Rf6 16. Nc2 Rh6 17. Rf2 Qh4 18. g3 Qh5 {0-1 (50) Bu,X (2705)-Vallejo Pons,F (2711) Doha 2016}) 10... Nc6 11. Rb1 Ne7 12. Ne1 $146 ({Predecessor:} 12. a4 g5 13. Nd2 Nf6 14. e4 fxe4 15. Nxe4 Nxe4 16. Bxe4 Bxe4 17. Qxe4 Nd5 {1-0 (59) Demuth,A (2545)-Aloma Vidal,R (2475) Escaldes 2016}) 12... Ng6 13. f3 Nf6 14. c4 Bc6 15. Ba3 Re8 16. Qd2 bxc5 17. Bxc5 d6 18. Ba3 Bd7 19. Be2 e5 20. d5 f4 {[%emt 0:06:30] [#]} (20... Ne7 $14) 21. e4 $16 Nh5 22. Nd3 Rf8 23. c5 Rf6 24. Qe1 Nh8 25. Qa5 Rh6 26. Rfe1 Rc8 27. c6 Be8 28. Nf2 Nf6 29. Ba6 Rb8 30. Rb7 Rxb7 31. cxb7 Nd7 32. Rc1 Nb6 33. Qc3 1-0

[Event "1st Turkish League 2017"]
[Site "Konya"]
[Date "2017.07.17"]
[Round "1"]
[White "Koksal, Ege"]
[Black "Baglan, Esat"]
[Result "0-1"]
[ECO "D47"]
[WhiteElo "2390"]
[BlackElo "2305"]
[Annotator "NA"]
[PlyCount "66"]
[EventType "team-tourn"]
[EventCountry "TUR"]
[SourceTitle "playchess.com"]
[Source "ChessBase"]
[SourceQuality "1"]
[TimeControl "5400+30"]

1. d4 d5 2. c4 c6 3. Nc3 Nf6 4. e3 e6 5. Nf3 Nbd7 6. Bd3 dxc4 7. Bxc4 b5 8. Bd3 Bd6 9. O-O O-O 10. b3 a6 11. Bb2 Bb7 12. e4 e5 13. Nxb5 cxb5 14. dxe5 Nxe5 15. Nxe5 Re8 16. Nf3 Nxe4 17. Rc1 Bf4 18. Bxe4 Bxe4 19. Rc5 Qe7 20. Qd4 f6 21. Rh5 Rad8 22. Qc5 Qb7 23. Rh3 Rd5 24. Qc3 Rd3 25. Qb4 Bd6 26. Qe1 Re7 27. Qe2 Bf5 28. Qc2 Rxf3 29. Qd2 Bxh3 30. Qxd6 Bxg2 31. Rc1 Bh3 32. Ba3 Rd3 33. Qc6 Qxc6 0-1

[Event "1st Turkish League 2017"]
[Site "Konya"]
[Date "2017.07.17"]
[Round "1"]
[White "Eric, Jovana"]
[Black "Temel, Burcu Melis"]
[Result "1-0"]
[ECO "B72"]
[WhiteElo "2262"]
[BlackElo "1846"]
[Annotator "NA"]
[PlyCount "61"]
[EventType "team-tourn"]
[EventCountry "TUR"]
[SourceTitle "playchess.com"]
[Source "ChessBase"]
[SourceQuality "1"]
[TimeControl "5400+30"]

1. e4 c5 2. Nf3 g6 3. d4 cxd4 4. Nxd4 Bg7 5. Nc3 Nc6 6. Be3 Nf6 7. Bc4 d6 8. h3 Bd7 9. O-O O-O 10. Re1 Rc8 11. Bb3 $11 {[%emt 0:03:30] LiveBook: 74 Games} Ne5 12. Qe2 a6 13. f4 Nc6 14. Rad1 Qa5 15. Nf3 Qh5 16. Bf2 Be6 17. Bxe6 fxe6 18. Qc4 h6 19. Qxe6+ Kh7 20. Nd5 Ng8 21. g4 Qxh3 22. Rd3 Kh8 23. Nh4 Qxh4 24. Bxh4 Nd4 25. Qxg6 Rxc2 26. Kh1 e6 27. e5 dxe5 28. Rxd4 exd4 29. Qxc2 exd5 30. f5 Nf6 31. Re7 1-0

[Event "1st Turkish League 2017"]
[Site "Konya"]
[Date "2017.07.17"]
[Round "1"]
[White "Keler, Faruk"]
[Black "Sengul, Cengiz"]
[Result "1-0"]
[ECO "C92"]
[WhiteElo "2262"]
[BlackElo "2108"]
[Annotator "NA"]
[PlyCount "108"]
[EventType "team-tourn"]
[EventCountry "TUR"]
[SourceTitle "playchess.com"]
[Source "ChessBase"]
[SourceQuality "1"]
[TimeControl "5400+30"]

1. e4 e5 2. Nf3 Nc6 3. Bb5 a6 4. Ba4 Nf6 5. O-O Be7 6. Re1 b5 7. Bb3 d6 8. c3 O-O 9. h3 Nd7 10. d4 Nb6 11. Nbd2 Bf6 12. d5 Na5 13. Bc2 c5 14. b4 cxb4 15. cxb4 Nac4 16. Nxc4 Nxc4 17. Bd3 Bd7 18. Bxc4 bxc4 19. a4 Qb6 20. Bd2 Rfc8 21. Bc3 Qd8 22. Nd2 Bg5 23. Qe2 Rab8 24. Ra3 Qc7 25. Rc1 f6 26. Rc2 Be8 27. Nf3 Bh6 28. Nh4 g6 29. Nf3 Bd7 30. Nh2 f5 31. Bd2 Bxd2 32. Qxd2 fxe4 33. Nf1 Qb6 34. Rb2 Qd4 35. Rc2 Qxd2 36. Nxd2 Rxb4 37. Nxe4 Bxa4 38. Nxd6 Bxc2 39. Nxc8 Rb1+ 40. Kh2 Rb8 41. Ne7+ Kf7 42. Nc6 Rc8 43. Rxa6 Be4 44. Nxe5+ Kg7 45. d6 c3 46. d7 Rd8 47. Ra4 c2 48. Rc4 Bf5 49. g4 Bxd7 50. Rxc2 Be6 51. Rc7+ Kg8 52. Re7 Bd5 53. g5 Rf8 54. Ng4 Rf5 1-0

[Event "1st Turkish League 2017"]
[Site "Konya"]
[Date "2017.07.17"]
[Round "1"]
[White "Isik, Alparslan"]
[Black "Kalemler, Kaan"]
[Result "1-0"]
[ECO "A50"]
[WhiteElo "2211"]
[BlackElo "1927"]
[Annotator "NA"]
[PlyCount "119"]
[EventType "team-tourn"]
[EventCountry "TUR"]
[SourceTitle "playchess.com"]
[Source "ChessBase"]
[SourceQuality "1"]
[TimeControl "5400+30"]

1. Nf3 Nf6 2. c4 b6 3. g3 Bb7 4. Bg2 g6 5. d4 Bg7 $11 {[%emt 0:02:30] LiveBook: 293 Games} 6. Nc3 d6 7. Qc2 Nbd7 8. O-O O-O 9. Rd1 c5 10. d5 a6 11. a4 Qc7 12. e4 Rfb8 13. Bf4 Bc8 14. Qe2 Ne5 15. Nxe5 dxe5 16. Bd2 Bd7 17. Bf1 Ne8 18. Bg5 Qd6 19. Qc2 f6 20. Be3 f5 21. Qd2 Nf6 22. f3 Rf8 23. Be2 f4 24. Bf2 Bh6 25. Qd3 fxg3 26. hxg3 Nh5 27. Kg2 Qf6 28. Be3 Nf4+ 29. gxf4 Bxf4 30. Bf2 Qg5+ 31. Kf1 Qh5 32. Ke1 Qh1+ 33. Bf1 Bg3 34. Bxg3 Rxf3 35. Qe2 Rxg3 36. Kd2 Bg4 37. Qf2 Qh6+ 38. Kc2 Bxd1+ 39. Rxd1 Rg4 40. a5 Rf8 41. Qe1 Rg1 42. Qe2 Qh4 43. Kb3 Rf2 44. Qd3 Rg3 45. Qb1 bxa5 46. Ka4 Qg4 47. Bd3 Qd7+ 48. Ka3 Qb7 49. Rf1 Qb4+ 50. Ka2 a4 51. Rxf2 Qb3+ 52. Ka1 a3 53. Bc2 axb2+ 54. Qxb2 Qxc3 55. Qxc3 Rxc3 56. Ka2 Rxc4 57. Bb3 Rxe4 58. d6+ c4 59. dxe7 Re2+ 60. Ka3 1-0

[Event "1st Turkish League 2017"]
[Site "Konya"]
[Date "2017.07.17"]
[Round "1"]
[White "Sivri, Gorkem"]
[Black "Kitir, Ahmet"]
[Result "1/2-1/2"]
[ECO "D78"]
[WhiteElo "2163"]
[BlackElo "2038"]
[Annotator "NA"]
[PlyCount "175"]
[EventType "team-tourn"]
[EventCountry "TUR"]
[SourceTitle "playchess.com"]
[Source "ChessBase"]
[SourceQuality "1"]
[TimeControl "5400+30"]

1. d4 d5 2. c4 c6 3. Nf3 Nf6 4. Nbd2 g6 5. g3 Bg7 6. Bg2 O-O 7. O-O Nbd7 8. b3 e5 9. dxe5 Ng4 10. cxd5 cxd5 11. Bb2 Ngxe5 12. Bd4 Re8 13. Qc2 Nc6 14. Bxg7 Kxg7 15. e3 Nf6 16. Qb2 Qb6 17. Ng5 h6 18. Nh7 Ne5 19. Nxf6 Qxf6 20. Qd4 Be6 21. Rac1 Nc6 22. Qxf6+ Kxf6 23. Nf3 Rac8 24. Rfd1 Nb4 25. Nd4 Nxa2 26. Ra1 Nc3 27. Re1 a6 28. Ra5 Rc7 29. h4 Rec8 30. Raa1 Ra8 31. Bf1 Ne4 32. Ra2 Rac8 33. Raa1 Nd6 34. Bg2 Rc3 35. Ra5 Rc1 36. Kf1 Ne4 37. Ra1 Rxa1 38. Rxa1 Rc3 39. Ke1 Ke7 40. Bf3 Bc8 41. Bd1 Rc7 42. g4 Nf6 43. f3 Ne8 44. Kd2 b5 45. Be2 Ng7 46. b4 Ne6 47. Bd3 Nxd4 48. exd4 Kd6 49. Re1 Re7 50. Rc1 Bb7 51. Rg1 Bc6 52. Ra1 Bb7 53. Rc1 Rc7 54. Re1 Bc6 55. Ra1 Ra7 56. Ra5 Ra8 57. Bc2 Bb7 58. Bd3 Rf8 59. Ra1 Re8 60. Rc1 Re6 61. Ra1 Kc7 62. Ra2 Kb6 63. Ra1 Bc6 64. Bc2 Re7 65. Bd3 Ra7 66. Ra5 Bd7 67. Bc2 f5 68. g5 hxg5 69. hxg5 Ra8 70. Bb3 Bc6 71. Ra1 a5 72. bxa5+ Rxa5 73. Re1 Ra3 74. Kc3 Ka5 75. Re6 b4+ 76. Kb2 Bb5 77. Bxd5 Rd3 78. Rxg6 Rd2+ 79. Kc1 Rxd4 80. Be6 f4 81. Rf6 Ba4 82. Rf5+ Kb6 83. Rd5 Rxd5 84. Bxd5 Be8 85. Be4 Bf7 86. Bh7 Be6 87. Be4 Kc5 88. Kb2 1/2-1/2

[Event "1st Turkish League 2017"]
[Site "Konya"]
[Date "2017.07.17"]
[Round "1"]
[White "Ersahin, Bulent"]
[Black "Gulbas, Cemil"]
[Result "0-1"]
[ECO "A07"]
[WhiteElo "2145"]
[BlackElo "2366"]
[Annotator "NA"]
[PlyCount "86"]
[EventType "team-tourn"]
[EventCountry "TUR"]
[SourceTitle "playchess.com"]
[Source "ChessBase"]
[SourceQuality "1"]
[TimeControl "5400+30"]

1. Nf3 d5 2. g3 Nf6 3. Bg2 c6 4. O-O Bg4 {[%emt 0:02:00] LiveBook: 3602 Games} 5. h3 Bh5 6. b3 {[%emt 0:04:30] A07: Réti Opening: New York and Capablanca Systems} (6. d3 Nbd7 7. c4 dxc4 8. dxc4 e6 9. Nc3 Be7 10. Be3 Qc7 11. Qc1 O-O 12. Rd1 Rfd8 13. b3 h6 14. Qb2 Bxf3 15. Bxf3 {0-1 (72) Melkumyan,H (2613)-Tomashevsky,E (2696) Minsk 2017}) 6... Nbd7 7. Bb2 Qc7 8. c4 e6 $146 ({Predecessor:} 8... e5 9. cxd5 Nxd5 10. d3 Be7 11. Nc3 Nxc3 12. Bxc3 Bf6 13. Rc1 O-O 14. Rc2 Rfe8 15. Qa1 Bg6 16. Nd2 Nc5 17. Bb2 Ne6 18. Ne4 Bxe4 19. Bxe4 Nd4 20. Bxd4 {½-½ (20) Pak,R (2131)-Bruemmer,F (2171) Germany 2011}) 9. cxd5 exd5 10. Nc3 Bc5 11. Na4 Be7 12. Rc1 O-O 13. d3 Bxf3 14. Bxf3 h5 15. h4 Ne5 16. e3 g6 17. Nc5 Nxf3+ 18. Qxf3 Ng4 $11 19. Rfe1 Rad8 20. b4 b6 21. Na6 Qb7 22. b5 c5 23. d4 c4 24. Rxc4 Bd6 25. Rc6 Qe7 26. Qxd5 Nxf2 27. Qf3 Ne4 28. Re2 Bxg3 29. Rg2 Qxh4 30. Nb4 Bd6 31. Nd3 Ng5 32. Qe2 Rfe8 33. Nf2 Bg3 34. Nd3 Rd5 35. Ne5 Bxe5 36. dxe5 Ne6 37. a4 Red8 38. Rd6 R8xd6 39. exd6 Qxa4 40. Rf2 Qd1+ 41. Qxd1 Rxd1+ 42. Kg2 Rxd6 43. Rc2 Kh7 0-1

[Event "1st Turkish League 2017"]
[Site "Konya"]
[Date "2017.07.17"]
[Round "1"]
[White "Karaoglan, Doruk"]
[Black "Dedebas, Emre Emin"]
[Result "0-1"]
[ECO "C54"]
[WhiteElo "2130"]
[BlackElo "2322"]
[Annotator "NA"]
[PlyCount "116"]
[EventType "team-tourn"]
[EventCountry "TUR"]
[SourceTitle "playchess.com"]
[Source "ChessBase"]
[SourceQuality "1"]
[TimeControl "5400+30"]

1. e4 e5 2. Nf3 Nc6 3. Bc4 Bc5 4. c3 Nf6 5. d3 d6 6. Bb3 a6 7. Nbd2 Ba7 8. h3 O-O 9. Nf1 d5 $11 {[%emt 0:03:30] LiveBook: 188 Games} 10. Qe2 dxe4 11. dxe4 Qe7 12. Ng3 Be6 13. Nh4 Bxb3 14. axb3 Qe6 15. b4 Ne7 16. Nhf5 Nxf5 17. Nxf5 Kh8 18. O-O g6 19. Nh4 Nh5 20. Rd1 Bb6 21. Bh6 Rfd8 22. Nf3 f6 23. Rd3 Nf4 24. Bxf4 exf4 25. Rad1 Rxd3 26. Qxd3 Re8 27. Re1 Qc6 28. Qd5 Qxd5 29. exd5 Rxe1+ 30. Nxe1 Kg7 31. Nc2 f5 32. Na3 Ba7 33. Nc4 Kf6 34. d6 cxd6 35. Nxd6 b5 36. Ne8+ Ke5 37. Nc7 Bb6 38. Nxa6 Kd5 39. b3 Bd8 40. Kf1 Bf6 41. Nc7+ Kc6 42. Ne6 Bxc3 43. Nxf4 Bxb4 44. Ke2 Bd6 45. Ne6 Kd5 46. Ng5 Kd4 47. Nxh7 Kc3 48. g4 fxg4 49. hxg4 Kxb3 50. Ke3 Kc2 51. Ng5 b4 52. Ne4 Be7 53. f4 b3 54. f5 b2 55. f6 Bf8 56. Nd2 Bh6+ 57. Ke2 Bxd2 58. f7 Bb4 0-1

[Event "1st Turkish League 2017"]
[Site "Konya"]
[Date "2017.07.17"]
[Round "1"]
[White "Caglar, Ahmet Ata"]
[Black "Bulduk, Ibrahim Ege"]
[Result "1-0"]
[ECO "A80"]
[WhiteElo "2082"]
[BlackElo "1920"]
[Annotator "NA"]
[PlyCount "93"]
[EventType "team-tourn"]
[EventCountry "TUR"]
[SourceTitle "playchess.com"]
[Source "ChessBase"]
[SourceQuality "1"]
[TimeControl "5400+30"]

1. d4 f5 2. Bg5 h6 3. Bh4 g5 4. e3 Nf6 5. Bg3 d6 {LiveBook: 136 Games} 6. h4 g4 {A80: Dutch Defence: Unusual White second moves} 7. Nc3 (7. h5 e6 8. Ne2 Nc6 9. Nbc3 e5 10. dxe5 Nxe5 11. Qd4 Qe7 12. Nf4 Bg7 13. O-O-O O-O 14. Bh4 {½-½ (24) Hillarp Persson,T (2546)-Kuzubov,Y (2641) Douglas 2015}) 7... c6 8. Nge2 Be6 $146 ({Predecessor:} 8... Qb6 9. b3 Qa5 10. a3 Nh5 11. b4 Qc7 12. Qd3 {1-0 (12) Richard,A (2000)-Pech,S (2000) FICGS email 2011}) 9. Qd3 Na6 10. e4 Nb4 11. Qd2 fxe4 12. Nxe4 Nxe4 13. Qxb4 Qb6 14. Qxb6 axb6 15. Nf4 Bf7 16. Bd3 Nxg3 17. fxg3 Bg7 18. c3 Rxa2 19. Rxa2 Bxa2 20. Ng6 Rg8 21. O-O h5 $11 (21... Bf7 $17 22. Nf4 e5 23. dxe5 Bxe5) 22. Ra1 Bf7 23. Ra7 Bxd4+ 24. cxd4 Bxg6 25. Ra8+ Kf7 26. Rxg8 Bxd3 27. Rb8 Ba6 28. Kf2 c5 29. Ke3 Kf6 30. Rh8 Kg6 31. Rg8+ Kf6 32. Rg5 cxd4+ 33. Kxd4 Bf1 34. Rxh5 Bxg2 35. Rb5 e5+ 36. Ke3 Bc6 37. Rxb6 d5 38. b4 d4+ 39. Kd3 Kf5 40. b5 Be4+ 41. Kd2 Bd5 42. Rd6 Bc4 43. h5 Kg5 44. h6 Bg8 45. Re6 Bh7 46. Rxe5+ Kxh6 47. Re7 1-0

[Event "1st Turkish League 2017"]
[Site "Konya"]
[Date "2017.07.17"]
[Round "1"]
[White "Dogan, Mire Deniz"]
[Black "Annaberdiyev, Babageldi"]
[Result "0-1"]
[ECO "A30"]
[WhiteElo "2075"]
[BlackElo "2262"]
[Annotator "NA"]
[PlyCount "56"]
[EventType "team-tourn"]
[EventCountry "TUR"]
[SourceTitle "playchess.com"]
[Source "ChessBase"]
[SourceQuality "1"]
[TimeControl "5400+30"]

1. b3 c5 2. Bb2 Nc6 3. e3 Nf6 4. Nf3 e6 5. c4 {[%emt 0:02:30] LiveBook: 72 Games} Be7 6. Be2 O-O 7. O-O b6 8. d4 cxd4 9. Nxd4 Bb7 10. Bf3 d5 11. Nc3 Ne5 12. cxd5 {[%emt 0:03:30] A30: Symmetrical English: Double Fianchetto and Hedgehog} Nxf3+ 13. Qxf3 Nxd5 14. Nxd5 Qxd5 15. Qxd5 Bxd5 16. Nb5 $146 ({Predecessor:} 16. Rac1 Rac8 17. Nb5 a6 18. Nc3 Bc6 19. Na4 Bxa4 20. bxa4 {½-½ (33) Schaefer,N (2240)-Schurade,M (2345) Germany 1995}) 16... Bc6 17. Nd4 Bb7 18. Rac1 Rac8 19. f4 a6 20. Kf2 Be4 21. Ne2 f6 22. Ng3 $15 Bc2 23. Kf3 Rfd8 24. Rf2 Bd1+ 25. Ke4 f5+ 26. Nxf5 exf5+ 27. Kxf5 Kf7 28. h3 Re8 0-1

[Event "1st Turkish League 2017"]
[Site "Konya"]
[Date "2017.07.17"]
[Round "1"]
[White "Kose, Serkan"]
[Black "Okus, Melih"]
[Result "0-1"]
[ECO "B08"]
[WhiteElo "2068"]
[BlackElo "2041"]
[Annotator "NA"]
[PlyCount "68"]
[EventType "team-tourn"]
[EventCountry "TUR"]
[SourceTitle "playchess.com"]
[Source "ChessBase"]
[SourceQuality "1"]
[TimeControl "5400+30"]

1. e4 g6 2. d4 Bg7 3. Nf3 d6 4. Bc4 Nf6 5. Nc3 c6 6. O-O d5 7. exd5 cxd5 8. Bb5+ Bd7 9. Bf4 O-O 10. Re1 a6 11. Bxd7 Nbxd7 12. Qd2 b5 13. a3 Nb6 14. Ne5 Rc8 15. Bh6 Nc4 16. Nxc4 Rxc4 17. Bxg7 Kxg7 18. Rad1 e6 19. Re3 h5 20. Rh3 Qb6 21. Qe3 Rfc8 22. Qe5 Qc7 23. Rxh5 Qxe5 24. Rxe5 b4 25. axb4 Rxb4 26. Re3 Rxb2 27. f3 Rxc2 28. Na4 R8c4 29. Nc5 Ra2 30. Kh1 Rxd4 31. Rg1 Rc4 32. Nd3 Ra3 33. Rd1 Rcc3 34. f4 Ng4 0-1

[Event "1st Turkish League 2017"]
[Site "Konya"]
[Date "2017.07.17"]
[Round "1"]
[White "Zeydan, Salih"]
[Black "Tezcan, Emre"]
[Result "1-0"]
[ECO "B18"]
[WhiteElo "2001"]
[BlackElo "2107"]
[Annotator "NA"]
[PlyCount "101"]
[EventType "team-tourn"]
[EventCountry "TUR"]
[SourceTitle "playchess.com"]
[Source "ChessBase"]
[SourceQuality "1"]
[TimeControl "5400+30"]

1. e4 c6 2. d4 d5 3. Nd2 dxe4 4. Nxe4 Bf5 5. Ng3 Bg6 6. h4 h6 7. Nh3 e6 8. Nf4 Bh7 9. Bc4 Nf6 10. Qe2 Bd6 11. Nfh5 O-O 12. Be3 b5 13. Nxf6+ Qxf6 14. Nh5 Qe7 15. Bd3 Bxd3 16. Qxd3 Nd7 17. O-O-O Nf6 18. Nxf6+ Qxf6 19. g4 Qf3 20. Qd2 f5 21. gxf5 exf5 22. Qc3 f4 23. Bd2 Qxc3 24. Bxc3 Rae8 25. Rde1 Kf7 26. Kd1 b4 27. Bd2 g6 28. f3 Kf6 29. Rxe8 Rxe8 30. Re1 Rxe1+ 31. Bxe1 Ke6 32. Ke2 Kf5 33. c4 a5 34. b3 Be7 35. Bf2 Bf6 36. Kd3 Be7 37. Be1 g5 38. hxg5 hxg5 39. Bf2 Bd6 40. c5 Bc7 41. Kc4 g4 42. fxg4+ Kxg4 43. d5 Kf3 44. Bh4 cxd5+ 45. Kxd5 Ke2 46. Kc6 Be5 47. Kb7 f3 48. c6 Kd3 49. c7 Bxc7 50. Kxc7 Kc3 51. Kb6 1-0

[Event "1st Turkish League 2017"]
[Site "Konya"]
[Date "2017.07.17"]
[Round "1"]
[White "Degirmenci, Yagiz"]
[Black "Gunduz, Umut Erdem"]
[Result "0-1"]
[ECO "A68"]
[WhiteElo "1917"]
[BlackElo "2066"]
[Annotator "NA"]
[PlyCount "68"]
[EventType "team-tourn"]
[EventCountry "TUR"]
[SourceTitle "playchess.com"]
[Source "ChessBase"]
[SourceQuality "1"]
[TimeControl "5400+30"]

1. d4 Nf6 2. c4 c5 3. d5 e6 4. Nc3 exd5 5. cxd5 d6 6. e4 g6 7. f4 Bg7 8. Nf3 O-O 9. Bd3 b5 10. O-O c4 11. Bc2 b4 12. Ne2 Re8 13. Kh1 Nxe4 14. Bxe4 Rxe4 15. Ng3 Re8 16. f5 Nd7 17. fxg6 fxg6 18. Bg5 Qb6 19. Re1 Ne5 20. Nxe5 Bxe5 21. Ne4 Rf8 22. Qe2 Ba6 23. Qg4 Rf5 24. Rf1 Raf8 25. Bf6 R5xf6 26. Nxf6+ Bxf6 27. Qe6+ Kg7 28. Qd7+ Rf7 29. Qe6 c3 30. Rf3 cxb2 31. Re1 Qd4 32. Qxd6 Qe4 33. Rg1 b1=Q 34. Rxf6 Qxg1+ 0-1

[Event "1st Turkish League 2017"]
[Site "Konya"]
[Date "2017.07.17"]
[Round "1"]
[White "Tinarlioglu, Emre"]
[Black "Kilic, Efe Mert"]
[Result "0-1"]
[ECO "B13"]
[WhiteElo "1856"]
[BlackElo "2287"]
[Annotator "NA"]
[PlyCount "85"]
[EventType "team-tourn"]
[EventCountry "TUR"]
[SourceTitle "playchess.com"]
[Source "ChessBase"]
[SourceQuality "1"]
[TimeControl "5400+30"]

1. e4 c6 2. d4 d5 3. exd5 cxd5 4. c4 Nf6 5. Nc3 Nc6 6. Bg5 Be6 7. Be2 Qa5 8. Nf3 Rd8 9. O-O dxc4 10. Re1 Bg4 11. Bxf6 gxf6 12. Bxc4 Qb4 13. Nd5 Qd6 14. Qb3 Rd7 15. Qc3 Rg8 16. Nd2 f5 17. b4 Bg7 18. Nb3 e6 19. h3 Bh5 20. b5 Ne7 21. Nxe7 Kxe7 22. Bd3 Bxd4 23. Nxd4 Qxd4 24. Qxd4 Rxd4 25. Bxf5 Bf3 26. g3 Rg5 27. Bc2 Rh4 28. Bf5 Rhh5 29. Be4 Bxe4 30. Rxe4 Rxh3 31. Kg2 Rgh5 32. a4 Rh2+ 33. Kf3 Rf5+ 34. Rf4 Rxf4+ 35. gxf4 Rh3+ 36. Kg2 Rc3 37. Rh1 Rc4 38. Kg3 Rxa4 39. Rxh7 Ra5 40. Rh5 a6 41. Kf3 Rxb5 42. Ke4 Kf6 43. Kd4 0-1

[Event "1st Turkish League 2017"]
[Site "Konya"]
[Date "2017.07.17"]
[Round "1"]
[White "Saim, Sida"]
[Black "Aslan, Lina"]
[Result "1/2-1/2"]
[ECO "D46"]
[WhiteElo "1634"]
[BlackElo "1481"]
[Annotator "NA"]
[PlyCount "195"]
[EventType "team-tourn"]
[EventCountry "TUR"]
[SourceTitle "playchess.com"]
[Source "ChessBase"]
[SourceQuality "1"]
[TimeControl "5400+30"]

1. d4 d5 2. Nf3 Nf6 3. c4 c6 4. e3 e6 5. Nc3 Nbd7 6. Bd3 Bd6 7. e4 dxe4 8. Bxe4 O-O 9. O-O e5 10. Bg5 h6 11. Bh4 exd4 12. Qxd4 Qc7 13. Bg3 Bxg3 14. hxg3 Re8 15. Rae1 Nf8 16. Bb1 Be6 17. b3 N8d7 18. Re2 b6 19. Rfe1 Rad8 20. Ne4 Nxe4 21. Qxe4 Nf6 22. Qc2 Rd6 23. c5 Rd5 24. cxb6 axb6 25. Nd2 Red8 26. Ne4 Nxe4 27. Qxe4 g6 28. Qe3 Kh7 29. Bc2 c5 30. Qf3 R5d6 31. Qf4 Qd7 32. f3 Rd2 33. Kh2 Rxe2 34. Rxe2 Qd4 35. Re4 Qd2 36. Qf6 Qd7 37. Re5 Re8 38. Rh5 Qe7 39. Qf4 Qf8 40. Qc7 Kg7 41. Re5 Qe7 42. Qxb6 Rc8 43. Qb5 Qc7 44. Re3 Qa7 45. a4 c4 46. Qe5+ Kg8 47. Bxg6 cxb3 48. Bb1 Qxa4 49. Re4 Qd7 50. Rd4 Qc6 51. Qe3 Qc1 52. Rd8+ Kg7 53. Qd4+ f6 54. Be4 b2 55. Rd6 b1=Q 56. Bxb1 Qxb1 57. Rxe6 Rf8 58. Re4 Qb7 59. Qd6 Rf7 60. Rg4+ Kh7 61. Qd8 Rg7 62. Rf4 Qf7 63. Qxf6 Qh5+ 64. Qh4 Qe5 65. Re4 Qf5 66. Re7 Qg6 67. Rxg7+ Qxg7 68. Qe4+ Kg8 69. Qe6+ Kh7 70. Kh3 Qg5 71. Qe4+ Kh8 72. Qg4 Qf6 73. Qc8+ Kh7 74. f4 Qf7 75. Qg4 Qf6 76. Qd7+ Kh8 77. Qc8+ Kh7 78. Qc7+ Kg8 79. g4 Qe6 80. Qe5 Qd7 81. g3 Qd1 82. Qe8+ Kg7 83. Qe7+ Kg8 84. Qe6+ Kg7 85. Qe5+ Kg8 86. Qb8+ Kg7 87. Qb7+ Kg8 88. Qg2 h5 89. Qa8+ Kg7 90. Qb7+ Kg8 91. Qc8+ Kg7 92. Kh4 Qh1+ 93. Kg5 Qd5+ 94. Kh4 Qh1+ 95. Kg5 Qd5+ 96. Kh4 Qh1+ 97. Kg5 Qd5+ 98. f5 1/2-1/2

[Event "1st Turkish League 2017"]
[Site "Konya"]
[Date "2017.07.17"]
[Round "1"]
[White "Aydin, Gulenay"]
[Black "Sahin, Hayrun Nisa"]
[Result "1/2-1/2"]
[ECO "B27"]
[WhiteElo "1591"]
[BlackElo "1576"]
[Annotator "NA"]
[PlyCount "83"]
[EventType "team-tourn"]
[EventCountry "TUR"]
[SourceTitle "playchess.com"]
[Source "ChessBase"]
[SourceQuality "1"]
[TimeControl "5400+30"]

1. e4 c5 2. Nf3 g6 3. d4 cxd4 4. Qxd4 Nf6 5. e5 Nc6 6. Qa4 Nd5 7. Qe4 Ndb4 8. Bb5 Qa5 9. Nc3 Bg7 10. O-O O-O 11. Bf4 d5 12. exd6 Bf5 13. Qc4 Nxc2 14. Bxc6 bxc6 15. dxe7 Rfe8 16. Rad1 Rxe7 17. a3 Nxa3 18. Qxc6 Rc8 19. Qd6 Rd7 20. Qxa3 Qxa3 21. bxa3 Bxc3 22. Rxd7 Bxd7 23. Rd1 Bf5 24. Rc1 Bb2 25. Rxc8+ Bxc8 26. Bd6 Bb7 27. Ne5 Bxe5 28. Bxe5 f5 29. f4 Kf7 30. Kf2 Ke6 31. g3 Kd5 32. Ke3 Bc6 33. Bd4 a6 34. Be5 Kc4 35. Bg7 Bd5 36. Bf6 Ba8 37. Bg7 Bg2 38. Bf6 Bc6 39. Bg7 Bb7 40. Bf6 Kd5 41. Be5 Bc6 42. Bf6 1/2-1/2

[Event "1st Turkish League 2017"]
[Site "Konya"]
[Date "2017.07.18"]
[Round "2"]
[White "Erturan, Yakup"]
[Black "Koc, Ilkay"]
[Result "1-0"]
[ECO "A09"]
[WhiteElo "2371"]
[BlackElo "2074"]
[Annotator "NA"]
[PlyCount "81"]
[EventType "team-tourn"]
[EventCountry "TUR"]
[SourceTitle "playchess.com"]
[Source "ChessBase"]
[SourceQuality "1"]
[TimeControl "5400+30"]

1. Nf3 d5 2. c4 d4 3. b4 g6 4. d3 {[%emt 0:02:30] A09: Réti Opening: 1 Nf3 d5 2 c4} Bg7 5. g3 e5 6. Bg2 (6. Nbd2 Ne7 7. Bg2 O-O 8. O-O h6 9. a4 a5 10. b5 c5 11. bxc6 Nexc6 12. Ba3 Nb4 13. Ne1 N8a6 14. Nc2 Re8 15. Bxb4 axb4 16. Nb3 {½-½ (70) Kramnik,V (2777)-Andreikin,D (2720) Baku 2015}) 6... Ne7 7. Bb2 {[%emt 0:00:30] LiveBook: 22 Games} O-O 8. O-O Nd7 9. Nbd2 h6 10. Qc2 a5 $146 ({Predecessor:} 10... c6 11. Rfe1 Qc7 12. e3 dxe3 13. Rxe3 Nf5 14. Re2 a5 15. bxa5 Rxa5 {½-½ (50) Krug Cortegoso,R (2038)-Cordero,A (2229) Ourense 2006}) 11. a3 c5 12. Qb3 Nc6 13. bxa5 (13. b5 $11 Ne7 14. Rae1) 13... Rxa5 14. Rfb1 Kh7 15. Qc2 f5 16. Re1 Nf6 ({Better is} 16... Qc7 $17) 17. Nb3 Ra8 18. Nxc5 Qe7 19. Nb3 Be6 20. Nbd2 Qf7 21. h3 Rfc8 22. a4 Nd7 23. Nb3 Ra6 24. Qd2 Rb6 25. Qc2 Ra8 26. Nfd2 Rba6 27. a5 Bf8 28. e3 dxe3 29. Rxe3 Rd8 30. Rae1 Bg7 31. Bc3 Raa8 32. Qb2 Rac8 33. f4 Bf8 34. fxe5 Nc5 35. Qc2 Na4 36. Ba1 Nb4 37. Qb1 Qd7 38. Nd4 Bc5 (38... b5 {was worth a try.} 39. axb6 (39. cxb5 Ba2 $18) 39... Nxb6) 39. Nxe6 Qxe6 40. d4 Bf8 41. Qb3 $18 1-0

[Event "1st Turkish League 2017"]
[Site "Konya"]
[Date "2017.07.20"]
[Round "2"]
[White "Khukhashvili, Sopiko"]
[Black "Yilmaz, Ezgi"]
[Result "1-0"]
[ECO "B20"]
[WhiteElo "2339"]
[BlackElo "1836"]
[Annotator "ChessBase"]
[PlyCount "123"]
[EventType "team-tourn"]
[EventCountry "TUR"]
[SourceTitle "playchess.com"]
[Source "ChessBase"]
[SourceQuality "1"]
[TimeControl "5400+30"]

1. e4 c5 2. b3 Nc6 3. Bb2 d6 4. Bb5 e6 5. Bxc6+ bxc6 6. Qe2 e5 7. Nf3 Nf6 8. h3 g6 9. Na3 Bg7 10. Nc4 Be6 11. d3 Nh5 12. g3 O-O 13. O-O-O a5 14. a4 f6 15. Ba3 Rf7 16. Nh4 d5 17. Nd2 Bf8 18. Ng2 c4 19. Bxf8 Qxf8 20. dxc4 Qa3+ 21. Kb1 Rb7 22. exd5 cxd5 23. g4 Ng7 24. Ne3 dxc4 25. Nexc4 Qxa4 26. Nb2 Qc6 27. Ne4 Ne8 28. Qf3 Bd5 29. Rxd5 Qxd5 30. Rd1 Qf7 31. Nc5 Rba7 32. Nba4 Rc8 33. h4 Rac7 34. Qd5 Qxd5 35. Rxd5 Kf7 36. c4 Ke7 37. g5 Ng7 38. Ne4 Ne8 39. gxf6+ Nxf6 40. Rxe5+ Kf7 41. Nd6+ Kf8 42. Nxc8 Rxc8 43. Rxa5 Ne4 44. f4 Nd2+ 45. Kc2 Nxc4 46. Rc5 Ne3+ 47. Kd3 Re8 48. Re5 Ng2 49. Rxe8+ Kxe8 50. Ke4 Nxh4 51. Nc5 Nf5 52. b4 Nd6+ 53. Kd5 Ke7 54. Ne6 h6 55. Nd4 Kd7 56. Ke5 Ke7 57. b5 Nc4+ 58. Kd5 Nd6 59. Nc6+ Kd7 60. Ne5+ Kc7 61. b6+ Kxb6 62. Kxd6 1-0